 Dungeon Crawl Stone Soup version 0.26-a0-547-g695e311587 (webtiles) character file.

Game seed: 4252081552215819269

262060 CovertPenguin the Executioner (level 19, -1/179 HPs)
             Began as a Minotaur Berserker on Aug 19, 2020.
             Was an Elder of Trog.
             Killed by divine providence
             ... invoked by a balrug
             ... summoned by a deep elf demonologist
              (10 damage)
             ... on level 3 of the Elven Halls on Aug 20, 2020.
             The game lasted 02:28:19 (44630 turns).

CovertPenguin the Executioner (Minotaur Berserker) Turns: 44630, Time: 02:28:20

Health: -1/179     AC: 24    Str: 22    XL:     19   Next: 59%
Magic:  6/6        EV: 20    Int:  8    God:    Trog [****..]
Gold:   3617       SH:  5    Dex: 12    Spells: 18/18 levels left

rFire    + + .     SeeInvis +   Z - +5 executioner's axe (antimagic)
rCold    + + .     Faith    .   (shield currently unavailable)
rNeg     + . .     Spirit   .   N - +0 pearl dragon scales
rPois    +         Reflect  +   L - +2 hat
rElec    +         Harm     .   q - +0 cloak
rCorr    +                      R - +0 pair of gloves "Ewkated" {*Drain rF+ SInv}
MR       ++++.                  G - +0 pair of boots
Stlth    ..........             l - amulet of reflection
HPRegen  1.39/turn              X - ring of Impatience {rPois EV+4}
MPRegen  0.10/turn              o - ring of protection from cold

@: resistant, regenerating
A: retaliatory headbutt, horns 2, magic resistance 1, weak 1, wild magic 2
}: 1/15 runes: serpentine
a: Berserk, Trog's Hand, Brothers in Arms, Renounce Religion


You were on level 3 of the Elven Halls.
You worshipped Trog.
Trog was greatly pleased with you.
You visited 7 branches of the dungeon, and saw 35 of its levels.

You collected 3791 gold pieces.
You spent 174 gold pieces at shops.

Inventory:

Hand Weapons
 t - a +3 battleaxe of freezing
   (You took it off Rupert on level 15 of the Dungeon)
 I - a +6 vorpal battleaxe
   (Trog gifted it to you on level 1 of the Shoals)
 Y - a +7 battleaxe of flaming
   (Trog gifted it to you on level 1 of the Snake Pit)
 Z - a +5 antimagic executioner's axe (weapon)
   (Trog gifted it to you on level 2 of the Elven Halls)
Missiles
 y - 156 poisoned darts
 C - 5 throwing nets {!f}
 K - 5 silver javelins
 P - 29 boomerangs (quivered)
Armour
 q - a +0 cloak (worn)
   (You found it on level 2 of the Dungeon)
 G - a +0 pair of boots (worn)
   (You found it on level 8 of the Dungeon)
 L - a +2 hat (worn)
   (You found it on level 10 of the Dungeon)
 N - +0 pearl dragon scales (worn)
   (You found it on level 11 of the Dungeon)
 R - the +0 pair of gloves "Ewkated" (worn) {*Drain rF+ SInv}
   (You found it on level 13 of the Dungeon)

   It protects you from fire.
   It lets you see invisible.
   It causes draining when unequipped.
Jewellery
 e - an uncursed amulet of regeneration
   (You found it on level 1 of the Dungeon)
 i - an uncursed ring of protection from fire
   (You took it off a wight on level 9 of the Dungeon)
 l - an amulet of reflection (around neck)
   (You found it on level 2 of the Dungeon)
 o - a ring of protection from cold (right hand)
   (You found it on level 4 of the Lair of Beasts)
 X - the ring of Impatience (left hand) {rPois EV+4}
   (You found it on level 3 of the Lair of Beasts)

   [ring of evasion]

   It affects your evasion (+4).
   It protects you from poison.
Wands
 c - a wand of disintegration (31)
   (You found it on level 7 of the Dungeon)
 d - a wand of iceblast (30)
   (You found it on level 11 of the Dungeon)
 n - a wand of polymorph (10)
   (You found it on level 2 of the Snake Pit)
 u - a wand of paralysis (7)
   (You found it on level 1 of the Lair of Beasts)
 v - a wand of digging (13)
   (You found it on level 8 of the Dungeon)
 x - a wand of acid (7)
   (You took it off an orc on level 13 of the Dungeon)
 V - a wand of enslavement (7)
   (You found it on level 2 of the Lair of Beasts)
Scrolls
 g - 33 scrolls of teleportation {@r4}
 h - 6 scrolls of immolation {!r}
 j - 14 scrolls of remove curse {@r2}
 m - 4 scrolls of blinking
 p - 2 scrolls of holy word
 r - 6 scrolls of fear
 B - 8 scrolls of magic mapping
 E - 4 scrolls of summoning
 H - a scroll of acquirement
 J - 2 scrolls of silence
 M - a scroll of enchant armour
 O - 3 scrolls of vulnerability {!r}
 Q - 2 scrolls of identify {@r1}
 S - 2 scrolls of fog
 U - 2 scrolls of enchant weapon
Potions
 b - 2 potions of lignification {!q}
 f - 3 potions of cancellation
 w - 6 potions of curing {@q1}
 A - 3 potions of might
 D - 5 potions of haste {@q3}
 F - 5 potions of flight
 T - 2 potions of resistance
 W - 4 potions of brilliance
Miscellaneous
 a - a condenser vane (2/2)
   (You found it on level 13 of the Dungeon)
 k - a tin of tremorstones (3/3)
   (You found it on level 14 of the Dungeon)
 z - a phial of floods
   (You found it on level 6 of the Lair of Beasts)


   Skills:
 + Level 18.2 Fighting
 + Level 23.6 Axes
 + Level 14.0 Throwing
 - Level 16.0 Armour
 + Level 11.6 Dodging
 - Level 10.0 Evocations


You had 18 spell levels left.
You didn't know any spells.
Your spell library contained the following spells:

 Spells                   Type           Power        Failure   Level
 Apportation              Tloc           #.....       82%         1
 Corona                   Hex            #......      82%         1
 Foxfire                  Conj/Fire      #...         82%         1
 Magic Dart               Conj           #...         82%         1
 Passwall                 Tmut/Erth      #.......     91%         2
 Searing Ray              Conj           #.....       91%         2
 Slow                     Hex            #.......     91%         2
 Swiftness                Air            #.......     91%         2
 Dazzling Flash           Conj/Hex       #.....       99%         3
 Inner Flame              Hex/Fire       #.......     99%         3
 Lesser Beckoning         Tloc           #.........   99%         3
 Portal Projectile        Hex/Tloc       #.....       99%         3
 Stone Arrow              Conj/Erth      #.....       99%         3
 Tukima's Dance           Hex            #.......     99%         3
 Cause Fear               Hex            #.........   100%        4
 Fulminant Prism          Conj/Hex       #.........   100%        4
 Iskenderun's Mystic Bla  Conj/Tloc      #.......     100%        4
 Leda's Liquefaction      Hex/Erth       #.........   100%        4
 Passage of Golubria      Tloc           N/A          100%        4
 Alistair's Intoxication  Tmut/Pois      #........    100%        5
 Bolt of Magma            Conj/Fire/Erth #.........   100%        5
 Irradiate                Conj/Tmut      #.........   100%        5
 Iskenderun's Battlesphe  Conj           #.......     100%        5
 Lee's Rapid Deconstruct  Erth           #.........   100%        5
 Hydra Form               Tmut           #.........   100%        6
 Invisibility             Hex            #.......     100%        6
 Statue Form              Tmut/Erth      #........    100%        6
 Dragon Form              Tmut           #.........   100%        7


Dungeon Overview and Level Annotations

Branches:
Dungeon (15/15)            Temple (1/1) D:6            Lair (6/6) D:9
 Shoals (4/4) Lair:2        Snake (4/4) Lair:2        Slime (0/5) Lair:6
    Orc (2/2) D:12            Elf (3/3) Orc:2        Vaults (0/5) D:13
 Depths (0/5) D:15

Altars:
Ashenzari
Cheibriados
Dithmenos
Elyvilon
Fedhas
Gozag
Hepliaklqana
Kikubaaqudgha
Makhleb
Nemelex Xobeh
Okawaru
Qazlal
Ru
Sif Muna
Trog
Uskayaw
Vehumet
Wu Jian
Xom
Yredelemnul
Zin
The Shining One
Beogh

Shops:
D:5 :   D:15 [   Orc:2 !}}[   Elf:1 ?

Annotations:
Elf:2 3 runed translucent doors, exclusion: obsidian statue, Ybunonosch's ghost, adept DsIE


Innate Abilities, Weirdness & Mutations

You reflexively headbutt those who attack you in melee.
You have a pair of horns on your head.
You are resistant to hostile enchantments. (MR+)
You are weak. (Str -2)
Your spells are harder to cast, but more powerful.


Message History

The deep elf annihilator convulses!
The deep elf demonologist convulses! x2
The deep elf annihilator convulses!
The deep elf demonologist convulses!
The deep elf mage convulses!
Your body is wracked with pain!
* * * LOW HITPOINT WARNING * * *
The deep elf demonologist gestures wildly while chanting.
You carve the deep elf demonologist like a ham!!!
You kill the deep elf demonologist!
Trog accepts your kill.
Trog appreciates your killing of a magic user.
The Tzitzimitl disappears in a puff of smoke!
The chaos spawn degenerates into a cloud of primal chaos!
The neqoxec gestures.
The balrug gestures at you. Something smites you!
* * * LOW HITPOINT WARNING * * *
The balrug gestures at you. The bolt of fire hits you! You resist.
* * * LOW HITPOINT WARNING * * *
Quiver which item? (- for none, * to show all) (? for menu, Esc to quit)
Okay, then.
Okay, then.
You feel much better.
Your polar bear goes berserk!
Trog will no longer gift you weapons. The balrug gestures at you.
Something smites you!
* * * LOW HITPOINT WARNING * * *
You feel protected.
Your polar bear rages.
The balrug gestures at you. The bolt of fire hits you! You resist.
* * * LOW HITPOINT WARNING * * *
The bolt of fire hits your polar bear!!
You closely miss the balrug. Your headbutt misses the balrug.
The balrug hits you but does no damage. The sixfirhy hits you.
* * * LOW HITPOINT WARNING * * *
The sixfirhy shocks you. You resist.
* * * LOW HITPOINT WARNING * * *
The sixfirhy misses you.
The sixfirhy hits you but does no damage.
Your polar bear bites the balrug!!
Your polar bear closely misses the balrug.
Your polar bear claws the balrug.
The sixfirhy hits you but does no damage.
The balrug hits your polar bear with a +1 demon whip of venom!!
Your polar bear is engulfed in flames!!
Your polar bear dies!
Your polar bear's corpse disappears in a puff of smoke!
The balrug gestures at you. Something smites you!
You die...

#............###.)....##.#.##....
#........###..#)##..#.##.#.##....
####.###.# #.....#.........##....
#.# #.# ##..()....(...####....
##.###.#######)..).....#######.
##.#....##.......(........# #.
##.###.####.....(..).....#.#####.
#.#...#.###...ยง...#).....#.#.....
.##...##.##.e23.@.).).....^...)[(
###########).###############.....
#(## #####) #)# #. ##3## #.
##ee1## #. ##(241.## ##.
##.4e3e(.## ##(# ##...53.5).##
#.##


You could see a balrug (summoned), a deep elf demonologist and a sixfirhy
(summoned).

Vanquished Creatures
  Rupert (D:15)
  A deep elf blademaster (Elf:3)
  A deep elf master archer (Elf:3)
  A kraken (Shoals:1)
  Donald (Shoals:1)
  5 nagarajas (Snake:4)
  5 deep elf sorcerers (Elf:3)
  An orc warlord (Orc:1)
  2 deep elf elementalists (Elf:3)
  Aizul (Snake:3)
  A stone giant (Orc:2)
  5 deep elf demonologists
  The ghost of Kutogiafi the Covert, a journeyman OpCj of Sif Muna (D:12)
  7 deep elf annihilators
  Nessos (Lair:6)
  Azrael (Snake:1)
  A dire elephant (D:15)
  Snorg (D:14)
  3 deep elf death magi (Elf:3)
  4 merfolk impalers
  4 deep elf high priests (Elf:3)
  2 ogre magi (Orc:2)
  2 vault guards (D:13)
  13 naga warriors
  Erolcha (D:13)
  2 alligator snapping turtles
  11 hydras
  4 merfolk avatars
  14 anacondas
  2 catoblepae
  24 dancing weapons
  3 two-headed ogres
  A satyr (Shoals:3)
  3 centaur warriors
  4 shock serpents
  6 tengu warriors
  An orc high priest (Orc:1)
  19 deep elf knights
  15 naga sharpshooters
  Nergalle (Orc:2)
  A fire crab (Shoals:2)
  A salamander mystic (Snake:2)
  2 unseen horrors (D:15)
  A wizard (D:13)
  17 sea snakes
  An orange crystal statue (D:12)
  8 deep elf archers
  3 orc knights
  3 necromancers (D:13)
  15 harpies
  A harpy (shapeshifter) (Elf:2)
  6 naga ritualists
  51 deep elf magi
  6 ugly things
  8 salamanders
  5 cyclopes
  6 orc sorcerers (Orc:2)
  4 oklob plants
  6 manticores
  A wolf spider (D:15)
  4 mana vipers (Snake:3)
  9 fauns
  6 elephants (Lair:3)
  41 black mambas
  10 naga magi
  Joseph (D:10)
  8 guardian serpents
  5 merfolk sirens
  6 cane toads
  3 gargoyles
  A torpor snail (Lair:6)
  4 water nymphs
  Maggie (D:7)
  3 centaur skeletons
  A rime drake (Lair:4)
  3 kobold demonologists (D:14)
  An efreet (D:15)
  A freezing wraith (D:15)
  5 komodo dragons
  10 polar bears
  4 tengu conjurers
  2 harpy zombies (D:15)
  8 trolls
  20 merfolk
  2 wind drakes (Shoals:3)
  A polar bear (shapeshifter) (Elf:2)
  3 hornets
  A raiju (Lair:6)
  4 dream sheep (Lair:5)
  12 hippogriffs
  10 slime creatures
  10 blink frogs
  5 snapping turtles
  A shadow (D:14)
  3 air elementals
  60 yaks
  3 fire bats (Shoals:2)
  6 water elementals
  4 fire elementals
  5 basilisks
  3 wraiths
  18 humans (D:13)
  2 vampire mosquitoes (D:15)
  11 wargs
  15 water moccasins
  3 acid dragons
  56 nagas
  18 hell hounds
  A soldier ant (D:15)
  3 sky beasts
  23 orc warriors
  13 porcupines
  16 black bears
  7 ice beasts
  4 necrophages
  7 ogres
  3 phantoms
  31 wolves
  18 centaurs
  5 big kobolds
  8 crocodiles
  17 bullfrogs
  3 earth elementals
  A gnoll sergeant (D:8)
  A wyvern zombie (D:14)
  2 scorpions
  3 wyvern skeletons
  17 killer bees
  12 wights
  7 electric eels
  5 howler monkeys
  5 bullfrog zombies
  5 centaur zombies
  A quasit (D:15)
  4 hounds
  2 jellies
  2 bullfrog skeletons
  20 orc priests
  51 orc wizards
  4 iguanas
  Natasha (thrice) (D:2)
  8 worker ants
  A killer bee zombie (D:9)
  A bullfrog simulacrum (D:8)
  3 hound skeletons
  A mummy (D:9)
  A worker ant zombie (D:6)
  2 howler monkey zombies
  8 gnolls
  9 adders
  8 white imps
  A worker ant simulacrum (D:8)
  5 ufetubi
  An ooze (D:3)
  A worm (D:2)
  3 dart slugs
  2 adder simulacra (D:8)
  4 leopard geckos
  106 orcs
  3 ball pythons
  5 giant cockroaches
  11 goblins
  9 hobgoblins
  11 jackals
  24 kobolds
  7 quokkas
  9 bats
  7 frilled lizards
  3 leopard gecko skeletons
  9 rats
  6 fungi
  15 plants
  4 tentacles (Shoals:1)
  2 withered plants (D:9)
1329 creatures vanquished.

Vanquished Creatures (collateral kills)
  Bai Suzhen (Snake:3)
  A deep elf master archer (Elf:3)
  Frances (Snake:1)
  A nagaraja (Snake:3)
  2 deep elf demonologists (Elf:3)
  4 naga warriors
  Fannar (Lair:3)
  A dancing weapon (Elf:2)
  3 anacondas (Snake:4)
  A satyr (Shoals:3)
  2 naga sharpshooters
  3 naga ritualists
  A deep elf archer (Elf:2)
  2 orc sorcerers (Orc:2)
  A deep elf mage (Elf:3)
  4 salamanders
  3 fauns (Shoals:3)
  A naga mage (Snake:3)
  A black mamba (Snake:3)
  3 guardian serpents (Snake:4)
  An ice statue (D:12)
  2 blink frogs (Lair:3)
  A snapping turtle (Shoals:3)
  An air elemental (Elf:3)
  10 nagas
  An orc wizard (Orc:2)
  2 orcs (Orc:2)
55 creatures vanquished.

Vanquished Creatures (others)
  Asterion (Elf:1)
  A deep elf knight (Elf:2)
  2 deep elf magi
  A black mamba (Snake:4)
  A naga (Snake:4)
  A gnoll (D:8)
  An orc (D:4)
  2 kobolds (D:8)
  3 fungi
  17 plants
  A withered plant (D:9)
31 creatures vanquished.

Grand Total: 1415 creatures vanquished

Notes
Turn   | Place    | Note
-------+----------+-------------------------------------------
     0 | D:1      | CovertPenguin the Minotaur Berserker began the quest for
                  | the Orb.
     0 | D:1      | Reached XP level 1. HP: 19/19 MP: 0/0
   237 | D:1      | Reached skill level 4 in Axes
   246 | D:1      | Reached XP level 2. HP: 14/26 MP: 1/1
  1205 | D:1      | Reached skill level 5 in Axes
  1469 | D:1      | Reached XP level 3. HP: 31/31 MP: 2/2
  1591 | D:2      | Found a sacrificial altar of Ru.
  1591 | D:2      | Found an ornate altar of the Wu Jian Council.
  1726 | D:2      | Reached ** piety under Trog
  1791 | D:2      | Found a shattered altar of Ashenzari.
  1899 | D:2      | Reached XP level 4. HP: 39/39 MP: 3/3
  1907 | D:2      | Reached skill level 6 in Axes
  1909 | D:2      | Noticed Natasha
  1912 | D:2      | Killed Natasha
  1952 | D:2      | Noticed Natasha
  1957 | D:2      | Killed Natasha
  2111 | D:2      | Found a burning altar of Makhleb.
  2200 | D:2      | Found a snail-covered altar of Cheibriados.
  2461 | D:2      | Noticed Natasha
  2470 | D:2      | Killed Natasha
  2470 | D:2      | Reached skill level 7 in Axes
  2470 | D:2      | Reached XP level 5. HP: 32/45 MP: 4/4
  2526 | D:3      | Found a faded altar of an unknown god.
  3035 | D:3      | Found a basalt altar of Yredelemnul.
  3211 | D:3      | Found a glowing golden altar of the Shining One.
  3347 | D:4      | Noticed a phantom
  3386 | D:4      | Killed a phantom
  3386 | D:4      | Reached skill level 1 in Evocations
  3386 | D:4      | Reached XP level 6. HP: 33/51 MP: 5/5
  3550 | D:4      | Reached skill level 8 in Axes
  3784 | D:4      | Found a shimmering blue altar of Sif Muna.
  4053 | D:4      | Reached XP level 7. HP: 46/57 MP: 6/6
  4115 | D:4      | Reached *** piety under Trog
  4147 | D:4      | Reached skill level 9 in Axes
  4379 | D:5      | Entered Level 5 of the Dungeon
  4483 | D:5      | Found Setenlec's Book Boutique.
  4748 | D:5      | Found a bloodstained altar of Trog.
  5143 | D:5      | Found a stormy altar of Qazlal.
  5387 | D:6      | Reached skill level 10 in Axes
  5585 | D:6      | Found an opulent altar of Gozag.
  5620 | D:6      | Found a shadowy altar of Dithmenos.
  5688 | D:6      | Reached XP level 8. HP: 56/64 MP: 7/7
  5775 | D:6      | Found a staircase to the Ecumenical Temple.
  5786 | Temple   | Entered the Ecumenical Temple
  6150 | D:6      | Found a hazy altar of Hepliaklqana.
  6373 | D:6      | Reached skill level 11 in Axes
  7174 | D:7      | Noticed Maggie
  7194 | D:7      | Reached skill level 5 in Evocations
  7204 | D:7      | HP: 4/96 [Maggie/bolt of fire (19)]
  7205 | D:7      | Killed Maggie
  7205 | D:7      | Reached skill level 12 in Axes
  7205 | D:7      | Reached XP level 9. HP: 4/70 MP: 8/8
  7211 | D:7      | Reached **** piety under Trog
  7720 | D:7      | Reached skill level 13 in Axes
  7883 | D:7      | Got a blackened leather armour
  8059 | D:8      | Identified the cursed +0 leather armour of Jikilir {Int+2}
                  | (You found it on level 7 of the Dungeon)
  8255 | D:8      | Reached skill level 14 in Axes
  8700 | D:8      | Reached XP level 10. HP: 77/77 MP: 9/9
  9271 | D:8      | Found a shimmering blue altar of Sif Muna.
  9371 | D:9      | Found an ancient bone altar of Kikubaaqudgha.
  9559 | D:9      | Noticed a two-headed ogre
  9563 | D:9      | Paralysed by a hornet for 3 turns
  9573 | D:8      | Reached skill level 15 in Axes
  9756 | D:9      | Found a staircase to the Lair.
  9829 | D:9      | Reached ***** piety under Trog
  9835 | D:9      | Killed a two-headed ogre
  9917 | D:9      | Found a shimmering blue altar of Sif Muna.
 10233 | D:10     | Entered Level 10 of the Dungeon
 10412 | D:10     | Reached skill level 16 in Axes
 10412 | D:10     | Reached XP level 11. HP: 64/82 MP: 10/10
 10960 | D:10     | Noticed Joseph
 10975 | D:10     | Killed Joseph
 11960 | D:11     | Noticed a cyan ugly thing
 11966 | D:11     | Killed a cyan ugly thing
 11966 | D:11     | Reached skill level 10 in Evocations
 12385 | D:12     | Reached skill level 17 in Axes
 12563 | D:12     | Noticed a two-headed ogre
 12568 | D:12     | Killed a two-headed ogre
 12700 | D:12     | Found a runed translucent gate.
 12700 | D:12     | Found a runed translucent gate.
 12700 | D:12     | Found a runed translucent gate.
 12700 | D:12     | Found an iron altar of Okawaru.
 12700 | D:12     | Noticed Kutogiafi's ghost (journeyman OpCj)
 12700 | D:12     | Noticed a tengu warrior
 12700 | D:12     | Noticed a tengu warrior
 12700 | D:12     | Noticed a centaur warrior
 12700 | D:12     | Noticed a naga warrior
 12700 | D:12     | Noticed a naga warrior
 12700 | D:12     | Noticed a tengu warrior
 12701 | D:12     | Noticed a tengu warrior
 12702 | D:12     | Noticed a deep elf archer
 12766 | D:12     | Noticed a purple ugly thing
 12773 | D:12     | Killed a purple ugly thing
 12794 | D:12     | Found a staircase to the Orcish Mines.
 12848 | D:12     | Reached skill level 5 in Fighting
 12885 | D:12     | Noticed an orange crystal statue
 13043 | D:12     | Noticed a centaur warrior
 13047 | D:12     | Lost intelligence.
 13051 | D:12     | Gained mutation: You are resistant to hostile enchantments.
                  | (MR+) [potion of mutation]
 13051 | D:12     | Gained mutation: You are weak. (Str -2) [potion of
                  | mutation]
 13051 | D:12     | Gained mutation: Your spells are a little harder to cast,
                  | but a little more powerful. [potion of mutation]
 13051 | D:12     | Gained mutation: Your spells are harder to cast, but more
                  | powerful. [potion of mutation]
 13053 | D:12     | Killed an orange crystal statue
 13549 | D:13     | Reached XP level 12. HP: 56/95 MP: 11/11
 13550 | D:13     | Received a gift from Trog
 13791 | D:13     | Reached skill level 18 in Axes
 13827 | D:13     | Got a scorched battleaxe
 13829 | D:13     | Identified the +10 battleaxe of Excruciating Pain {pain,
                  | rPois MR- Str+3 SInv} (You found it on level 13 of the
                  | Dungeon)
 14031 | D:13     | Noticed a tengu warrior
 14036 | D:13     | Noticed Erolcha
 14047 | D:13     | Killed a tengu warrior
 14047 | D:13     | Killed Erolcha
 14131 | D:13     | Noticed a centaur warrior
 14271 | D:13     | Noticed a vault guard
 14295 | D:13     | Killed a vault guard
 14312 | D:13     | Noticed a vault guard
 14366 | D:13     | Killed a vault guard
 14366 | D:13     | Reached skill level 19 in Axes
 14483 | D:13     | Received a gift from Trog
 14578 | D:13     | Found a gate to the Vaults.
 14711 | D:13     | Killed a centaur warrior
 14812 | D:13     | Noticed a six-headed hydra
 14818 | D:13     | Killed a six-headed hydra
 14970 | D:13     | Noticed a tengu warrior
 14984 | D:13     | Killed a tengu warrior
 14984 | D:13     | Reached XP level 13. HP: 111/111 MP: 12/12
 15097 | D:13     | Got a pair of fine gloves
 15108 | D:13     | Identified the cursed +0 pair of gloves "Ewkated" {*Drain
                  | rF+ SInv} (You found it on level 13 of the Dungeon)
 15276 | D:14     | Found a sacrificial altar of Ru.
 15422 | Lair:1   | Entered Level 1 of the Lair of Beasts
 15600 | Lair:1   | Reached skill level 20 in Axes
 15707 | Lair:1   | Reached skill level 1 in Throwing
 15963 | Lair:1   | Reached skill level 10 in Fighting
 16279 | Lair:2   | Found a staircase to the Shoals.
 16290 | Lair:2   | Reached ****** piety under Trog
 16405 | Lair:2   | Got a glimmering quarterstaff
 16566 | Lair:2   | Reached skill level 5 in Armour
 16647 | Lair:2   | Found a staircase to the Snake Pit.
 16744 | Lair:2   | Received a gift from Trog
 16796 | Lair:2   | Identified the +3 quarterstaff of Checks and Balances
                  | {freeze, rC+ rN+} (You found it on level 2 of the Lair of
                  | Beasts)
 17298 | Lair:3   | Noticed Fannar
 17315 | Lair:3   | Killed Fannar
 17382 | Lair:3   | Got a faintly glowing bone ring
 17384 | Lair:3   | Identified the ring of Impatience {rPois EV+4} (You found
                  | it on level 3 of the Lair of Beasts)
 18278 | Lair:3   | Found an iron altar of Okawaru.
 18719 | Lair:4   | Reached skill level 5 in Throwing
 18719 | Lair:4   | Reached XP level 14. HP: 115/124 MP: 13/13
 18857 | Lair:4   | Got a masterwork rapier
 18881 | Lair:4   | Received a gift from Trog
 19763 | Lair:5   | Reached skill level 10 in Armour
 19977 | Lair:5   | Got a translucent quarterstaff
 20523 | Lair:6   | Entered Level 6 of the Lair of Beasts
 20719 | Lair:6   | Found a staircase to the Slime Pits.
 21070 | Lair:6   | Received a gift from Trog
 22223 | Lair:6   | Noticed Nessos
 22238 | Lair:6   | Killed Nessos
 22595 | Snake:1  | Entered Level 1 of the Snake Pit
 22617 | Snake:1  | Noticed Azrael
 22622 | Snake:1  | Received a gift from Trog
 22667 | Snake:1  | Killed Azrael
 22771 | Snake:1  | Noticed Frances
 22779 | Snake:1  | Killed Frances
 22779 | Snake:1  | Reached XP level 15. HP: 108/134 MP: 14/14
 24701 | Snake:2  | Received a gift from Trog
 25396 | Snake:3  | Reached skill level 21 in Axes
 25482 | Snake:3  | Noticed Bai Suzhen
 25485 | Snake:3  | Noticed a nagaraja
 25514 | Snake:3  | Killed Bai Suzhen
 25518 | Snake:3  | Killed a nagaraja
 25979 | Snake:3  | Noticed Aizul
 25991 | Snake:3  | Reached XP level 16. HP: 95/145 MP: 11/15
 26003 | Snake:3  | Killed Aizul
 26024 | Snake:3  | Reached skill level 15 in Armour
 26519 | Snake:4  | Entered Level 4 of the Snake Pit
 26541 | Snake:4  | Received a gift from Trog
 27807 | Snake:4  | Reached skill level 10 in Throwing
 28203 | Snake:4  | Reached skill level 15 in Fighting
 28405 | Snake:4  | Got a serpentine rune of Zot
 28700 | D:12     | Reached XP level 17. HP: 144/156 MP: 16/16
 28740 | D:12     | Killed Kutogiafi's ghost
 28762 | D:12     | Reached skill level 5 in Dodging
 28899 | D:12     | Got a buzzing rapier
 28933 | Orc:1    | Entered Level 1 of the Orcish Mines
 28959 | Orc:1    | Found a roughly hewn altar of Beogh.
 29107 | Orc:2    | Entered Level 2 of the Orcish Mines
 29386 | Orc:2    | Received a gift from Trog
 29634 | Orc:2    | Found a staircase to the Elven Halls.
 30247 | Orc:2    | Reached skill level 22 in Axes
 30625 | Orc:2    | Found Haemmoro's Distillery.
 30655 | Orc:2    | Bought a potion of resistance for 150 gold pieces
 30668 | Orc:2    | Found an ancient bone altar of Kikubaaqudgha.
 30668 | Orc:2    | Noticed Nergalle
 30679 | Orc:2    | Killed Nergalle
 30711 | Orc:2    | Found a radiant altar of Vehumet.
 30724 | Orc:2    | Received a gift from Trog
 30857 | Orc:2    | Found a roughly hewn altar of Beogh.
 30857 | Orc:2    | Found Inwusag's Gadget Shop.
 30858 | Orc:2    | Found Ciqiuf's Antique Armour Boutique.
 30889 | Orc:2    | Found Utixurim's Gadget Boutique.
 31192 | D:14     | Got an ancient dire flail
 31463 | D:14     | Noticed Snorg
 31474 | D:14     | Killed Snorg
 31980 | D:15     | Entered Level 15 of the Dungeon
 32054 | D:15     | Found a radiant altar of Vehumet.
 32500 | D:15     | Noticed Rupert
 32512 | D:15     | Killed Rupert
 32531 | D:15     | Found Urunubev's Armour Emporium.
 32615 | D:15     | Found a staircase to the Depths.
 32740 | D:15     | Got a shimmering short sword
 33385 | Shoals:1 | Entered Level 1 of the Shoals
 33402 | Shoals:1 | Received a gift from Trog
 33708 | Shoals:1 | Identified the +5 kite shield of the Armoured One {MR++}
 33708 | Shoals:1 | Noticed Donald
 33727 | Shoals:1 | Killed Donald
 33788 | Shoals:1 | Noticed a kraken
 33802 | Shoals:1 | Killed a kraken
 34550 | Shoals:2 | Reached XP level 18. HP: 140/168 MP: 17/17
 35260 | Shoals:3 | Received a gift from Trog
 36149 | Shoals:3 | Identified a scroll of acquirement
 37061 | Shoals:4 | Entered Level 4 of the Shoals
 37493 | Shoals:3 | Upgraded the game from 0.26-a0-546-g3c2127501a to
                  | 0.26-a0-547-g695e311587
 37734 | Elf:1    | Entered Level 1 of the Elven Halls
 38432 | Elf:1    | Received a gift from Trog
 39123 | Elf:1    | Identified Emmutiri's Compendium of Attacks
 39160 | Elf:1    | Found Zigige's Magic Scroll Shoppe.
 39165 | Elf:1    | Bought a scroll of identify for 24 gold pieces
 39823 | Elf:2    | Reached skill level 23 in Axes
 40247 | Elf:2    | Reached skill level 10 in Dodging
 40985 | Elf:2    | Found a runed translucent gate.
 40988 | Elf:2    | Found a runed translucent gate.
 40988 | Elf:2    | Found an opulent altar of Gozag.
 40991 | Elf:2    | Noticed Ybunonosch's ghost (adept DsIE)
 40995 | Elf:2    | Found a runed translucent gate.
 41046 | Elf:2    | Found a runed translucent gate.
 41047 | Elf:2    | Found a runed translucent gate.
 41048 | Elf:2    | Found a runed translucent gate.
 41244 | Elf:2    | Noticed Asterion
 41575 | Elf:1    | Killed Asterion
 41663 | Elf:2    | Reached XP level 19. HP: 176/177 MP: 6/18
 42043 | Elf:2    | Received a gift from Trog
 42591 | Elf:3    | Entered Level 3 of the Elven Halls
 42917 | Elf:3    | Noticed a Brimstone Fiend
 43665 | Elf:3    | Noticed a Tzitzimitl
 44607 | Elf:3    | Noticed a Tzitzimitl
 44617 | Elf:3    | Identified the +1 robe of the Sneaky Stars {Int+2}
 44621 | Elf:3    | Noticed a Tzitzimitl
 44628 | Elf:3    | HP: 7/179 [sixfirhy[a deep elf demonologist] (3)]
 44630 | Elf:3    | Killed from afar by a balrug

Illustrated notes

Levels and vault maps discovered:
D:1:      dpeg_arrival_leaves_temple_mockup, layout_basic
D:2:      layout_rooms, gammafunk_temple_overflow_elements,
          kennysheep_slug_shrine, lemuel_doored_altar, evilmike_ruin_ashenzari,
          uniq_natasha
D:3:      layout_loops_ring, lemuel_crystal_altar,
          chequers_ecumenical_altar_island, lemuel_statue_altar
D:4:      layout_loops_ring, kennysheep_mini, kennysheep_doodads,
          minmay_misc_feat_iff
D:5:      layout_loops_corners, grunt_qazlal_clouds, bloody_trog, serial_shops,
          kennysheep_mini_moat
D:6:      layout_loops_ring, lemuel_coloured_pillars_altar,
          chequers_temple_overflow_statue_of_worship, temple_green,
          ldierk_geyser, grunt_decor_arrowhead
D:7:      layout_rooms, eino_jars, uniq_maggie
D:8:      layout_loops_ring, serial_ice, serial_ice_h, serial_ice_n,
          serial_ice_b, serial_ice_d, serial_ice_k, serial_ice_m, serial_ice_o,
          serial_ice_g, led_sif_book
D:9:      layout_rooms, old_standard_altar, due_lair_maze_entry_diamond,
          basic_altar, serial_undead, serial_undead_f, serial_undead_e,
          serial_undead_e, serial_undead_f, serial_undead_e, serial_undead_d,
          serial_undead_b, serial_undead_e
D:10:     layout_basic, uniq_joseph
D:11:     layout_roguey, chequers_serial_rivers_large_a
D:12:     minmay_separated_statues, layout_irregular_city,
          gammafunk_ghost_fury_of_okawaru
D:13:     layout_basic, grunt_vaults_entry_tiered, hex_large, uniq_erolcha
D:14:     layout_loops_ring, minmay_strange_pillars, nicolae_ru_awakened_eye,
          uniq_snorg
D:15:     hangedman_depths_entry_try_elsewhere_first, layout_gridville,
          serial_shops, shop, basic_altar, chequers_serial_rivers_room_a,
          uniq_rupert
Temple:   nicolae_temple_figure_zero
Lair:1:   layout_misc_corridors, minivault_25
Lair:2:   layout_hall_layers, shoals_dummy_entry, dummy_snake_entry
Lair:3:   layout_loops_ring, basic_altar, infiniplex_staircase_pool,
          minmay_lair_oklob_chamber, grunt_megastairs_1, uniq_fannar
Lair:4:   layout_misc_corridors
Lair:5:   layout_regular_city, serial_bayou_shore_a
Lair:6:   hangedman_lair_caniforms_friends, layout_gridlike,
          minmay_slime_entry_oklob_enclosed, hangedman_lair_unloving_vines,
          chequers_serial_rivers_micro_a, st_stairs_8,
          nicolae_quartered_pool_little, uniq_nessos
Shoals:1: layout_shoals, nicolae_shoals_kraken_intersection, uniq_donald
Shoals:2: layout_shoals, hangedman_shoal_volcano
Shoals:3: layout_shoals
Shoals:4: shoals_end_grunt_garden, layout_shoals, ldierk_geyser,
          uniq_polyphemus, uniq_louise, uniq_roxanne
Snake:1:  layout_chambers, grunt_megastairs_2, uniq_azrael, uniq_frances
Snake:2:  layout_basic
Snake:3:  layout_rooms, serial_corexii_hall, chequers_hall_statues_y,
          corexii_hall_statues_t, uniq_bai_suzhen, uniq_aizul
Snake:4:  grunt_snake_rune_pools, layout_misc_corridors
Orc:1:    minmay_goldmine, layout_diamond_mine, basic_altar
Orc:2:    kennysheep_orc_mage_school, layout_caves
Elf:1:    minmay_elf_arrival_circle, layout_geoelf_diagonals, serial_shops,
          nicolae_shop_trees, minmay_elf_annihilation
Elf:2:    layout_onion_city, ebering_ghost_gozag, uniq_asterion
Elf:3:    minmay_elf_hall_four_x, layout_loops_cross

Skill      XL: |  1  2  3  4  5  6  7  8  9 10 11 12 13 14 15 16 17 18 19 |
---------------+----------------------------------------------------------+-----
Axes           | 4 5 7 8 10 12 14 16 17 19 20 21 22 23 | 23.6
Evocations     | 1 2 3 5 6 8 10 | 10.0
Fighting       | 5 9 11 12 13 15 16 17 18 | 18.2
Armour         | 9 12 14 16 | 16.0
Throwing       | 5 7 9 10 12 13 14 | 14.0
Dodging        | 4 8 10 11 | 11.6

Action                   |  1- 3 |  4- 6 |  7- 9 | 10-12 | 13-15 | 16-18 | 19-21 || total
-------------------------+-------+-------+-------+-------+-------+-------+-------++-------
Melee: Hand axe          |    87 |   180 |   218 |       |       |       |       ||   485
       Headbutt          |    12 |    18 |    64 |    75 |   192 |   273 |    45 ||   679
       Battleaxe         |       |       |   165 |   506 |   994 |  1480 |    70 ||  3215
       Broad axe         |       |       |       |    65 |    28 |       |       ||    93
       Executioner's axe |       |       |       |       |       |       |   188 ||   188
Throw: Stone             |     6 |     1 |     2 |       |       |       |       ||     9
       Dart              |       |       |     4 |    11 |     1 |       |       ||    16
       Boomerang         |       |       |       |       |       |     9 |     7 ||    16
Invok: Berserk           |     1 |     2 |     8 |    24 |    18 |    23 |     3 ||    79
       Trog's Hand       |       |       |     5 |     2 |     7 |    19 |     5 ||    38
       Brothers in Arms  |       |       |       |     1 |     8 |    13 |     4 ||    26
Evoke: Wand              |       |       |       |     6 |    10 |       |       ||    16
       Condenser vane    |       |       |       |     1 |       |       |       ||     1
  Use: Scroll            |       |       |    12 |       |    10 |    10 |     1 ||    33
       Potion            |       |       |     6 |     7 |     2 |     7 |     3 ||    25
 Stab: Sleeping          |     1 |       |       |       |       |       |       ||     1
       Confused          |       |       |       |     1 |       |       |       ||     1
Armor: Animal skin       |     8 |       |       |       |       |       |       ||     8
       Ring mail         |     6 |     1 |       |       |       |       |       ||     7
       Chain mail        |       |   104 |   196 |   142 |       |       |       ||   442
       Pearl dragon scal |       |       |       |   171 |   527 |   677 |    99 ||  1474
       Skin              |       |       |       |     1 |       |       |       ||     1
Dodge: Dodged            |    48 |    78 |   129 |   257 |   616 |   958 |   144 ||  2230
Block: Other             |       |     6 |    41 |       |       |    73 |    31 ||   151
       Reflection        |       |       |     1 |       |       |     6 |     5 ||    12

Table legend: (Time is in decaauts)
 A = Elapsed time spent in this place.
 B = Non-inter-level travel time spent in this place.
 C = Inter-level travel time spent in this place.
 D = Time resting spent in this place.
 E = Time spent auto-exploring this place.
 F = Levels seen in this place.
 G = Mean time per level.
                   A        B        C        D        E       F      G
               +--------+--------+--------+--------+--------+-----+--------+
         Total |  44733 |  41504 |   3229 |  14046 |  19092 |  35 | 1278.1 |
       Dungeon |  18434 |  16865 |   1569 |   4922 |   8486 |  15 | 1228.9 |
        Temple |    150 |    138 |     12 |      0 |    132 |   1 |  150.0 |
          Lair |   7276 |   6362 |    914 |   1541 |   3541 |   6 | 1212.7 |
        Shoals |   4270 |   4141 |    129 |   1844 |   1462 |   4 | 1067.5 |
     Snake Pit |   5639 |   5373 |    266 |   1766 |   2470 |   4 | 1409.8 |
  Orcish Mines |   2610 |   2439 |    171 |    831 |   1102 |   2 | 1305.0 |
   Elven Halls |   6353 |   6187 |    166 |   3141 |   1898 |   3 | 2117.7 |
               +--------+--------+--------+--------+--------+-----+--------+

Top non-repeatable levels by time:
   Elf:2: 2483 daAuts
   Elf:1: 2160 daAuts
Shoals:3: 2035 daAuts
  Lair:6: 2032 daAuts
    D:13: 1935 daAuts
    D:12: 1847 daAuts
 Snake:4: 1800 daAuts
   Elf:3: 1709 daAuts
   Orc:2: 1541 daAuts
     D:1: 1516 daAuts
     D:8: 1489 daAuts
    D:10: 1459 daAuts
 Snake:2: 1426 daAuts
 Snake:1: 1423 daAuts
     D:7: 1312 daAuts
